Map: Ever Dream LE

Players

liquidthermy (uThermal) - Winner!

  • Race: Terran Terran
  • Spawn Location: 7:00

ShaDoWn

  • Race: Protoss Protoss
  • Spawn Location: 1:00

Event: DreamHack SC2 Masters 2020 Summer Europe

VOD

Have the link to the VOD?

Description

Time

  • Played on: July 4, 2020, 10:39 a.m.
  • Length: 10:41

All games in this series

Show
View Real Time Build Order
Export as new Build Order

liquidthermy Terran - Winner!

Build Orders: Reaper Expand 

Get SALT Encoding   

  12  0:01  SCV  
  13  0:13  SCV  
  14  0:17  Supply Depot  
  14  0:25  SCV  
  15  0:38  SCV  
  15  0:40  Barracks  
  16  0:43  Refinery  
  16  0:50  SCV  
  17  1:03  SCV  
  18  1:15  SCV  
  19  1:27  Reaper, Orbital Command  
  20  1:39  Command Center  
  20  1:48  Supply Depot  
  20  1:53  SCV  
  21  1:59  Marine  
  22  2:05  SCV  
  23  2:09  Factory  
  23  2:14  Bunker  
  23  2:17  SCV  
  23  2:19  Barracks Reactor  
  24  2:26  Refinery  
  24  2:29  SCV  
  25  2:42  SCV  
  26  2:52  SCV  
  26  2:54  Hellion  
  29  3:00  Starport, Marine  
  29  3:01  Marine  
  29  3:05  SCV, Orbital Command  
  31  3:16  Widow Mine  
  31  3:17  SCV  
  31  3:18  Marine x2  
  36  3:29  SCV  
  36  3:30  SCV  
  38  3:36  Supply Depot, Marine x2  
  38  3:37  Medivac  
  38  3:38  Factory Tech Lab  
  42  3:41  SCV  
  42  3:42  SCV  
  44  3:54  SCV, Marine x2  
  44  3:55  SCV  
  42  4:06  SCV  
  42  4:07  SCV  
  42  4:08  Siege Tank  
  47  4:12  Marine x2  
  48  4:18  SCV, Supply Depot  
  48  4:19  SCV  
  48  4:23  Liberator  
  53  4:29  Marine  
  53  4:30  Supply Depot  
  54  4:36  Engineering Bay  
  54  4:39  SCV x2, Marine  
  54  4:42  Supply Depot  
  56  4:47  Siege Tank  
  56  4:48  Marine  
  56  4:51  SCV  
  61  4:53  SCV  
  62  5:00  Marine  
  62  5:03  SCV  
  62  5:04  Supply Depot  
  62  5:06  Marine  
  65  5:09  SCV  
  65  5:11  Missile Turret  
  65  5:13  Missile Turret  
  66  5:16  SCV  
  66  5:18  Marine  
  66  5:19  Siege Tank  
  70  5:22  SCV  
  70  5:24  Marine  
  72  5:34  SCV  
  72  5:35  Command Center  
  73  5:36  Marine  
  73  5:41  SCV, Marine  
  76  5:46  SCV  
  77  5:53  SCV  
  77  5:54  Marine  
  77  5:57  Starport Tech Lab, Barracks  
  77  5:58  SCV  
  77  5:59  Marine  
  77  6:00  Barracks  
  78  6:06  Bunker  
  78  6:09  Bunker  
  73  6:12  SCV, Marine  
  73  6:15  Factory Reactor  
  73  6:17  SCV, Marine  
  73  6:18  Engineering Bay  
  77  6:24  SCV  
  77  6:25  Starport Reactor  
  78  6:32  Marine  
  73  6:33  SCV  
  73  6:35  Marine  
  68  6:41  SCV  
  68  6:44  Refinery x2  
  68  6:45  Stimpack, Marauder  
  71  6:48  Terran Infantry Armor Level 1  
  71  6:49  Terran Infantry Weapons Level 1  
  71  6:50  Orbital Command, Marine  
  71  6:51  SCV  
  73  6:58  Widow Mine x2  
  73  6:59  Marauder  
  79  7:06  Marauder, Marine  
  79  7:15  Marine  
  79  7:18  Barracks  
  79  7:19  Barracks  
  79  7:21  Marauder, Widow Mine x2  
  84  7:23  Medivac  
  84  7:25  SCV  
  84  7:26  Marine  
  87  7:32  SCV  
  87  7:33  Marine  
  87  7:35  Supply Depot x2  
  89  7:37  Combat Shield  
  89  7:42  SCV, Medivac, Widow Mine  
  89  7:43  Orbital Command  
  94  7:44  Marine  
  94  7:45  Marine  
  94  7:49  Widow Mine  
  98  7:52  SCV  
  98  7:54  Supply Depot  
  98  7:56  SCV  
  98  7:57  Armory  
  94  7:59  Medivac  
  94  8:03  Marine  
  94  8:04  SCV  
  97  8:07  Barracks Tech Lab x2  
  97  8:08  SCV  
  97  8:09  Widow Mine  
  97  8:12  Widow Mine  
  102  8:13  Marine  
  102  8:16  Marauder  
  102  8:19  SCV, Marauder  
  109  8:20  SCV  
  109  8:21  SCV  
  109  8:25  Missile Turret  
  110  8:27  Medivac  
  110  8:31  SCV  
  110  8:32  Medivac, Marine x2, Supply Depot  
  116  8:38  SCV, Marine x2  
  116  8:39  Refinery x2  
  119  8:42  SCV  
  119  8:44  SCV  
  119  8:49  Marauder, Marine  
  119  8:50  Refinery, Marine  
  119  8:51  SCV  
  119  8:53  Marine  
  119  8:55  SCV  
  126  8:56  Marauder x2  
  130  9:07  Marine  
  130  9:08  Marine  
  132  9:11  Marine  
  132  9:14  Supply Depot  
  132  9:16  Supply Depot x2  
  133  9:18  SCV, Marauder x3  
  133  9:19  SCV  
  141  9:35  Marine x3, Widow Mine  
  138  9:39  Marine  
  138  9:40  Marauder x2  
  138  9:44  Medivac, Widow Mine  
  140  9:53  SCV, Marauder, Marine x2  
  140  9:57  Marauder, Widow Mine  
  140  10:00  Marine  
  140  10:01  SCV, Marauder  
  130  10:10  Marine x2  
  120  10:15  Marauder  
  120  10:18  Marine x2  
  124  10:22  Marine  
Show
View Real Time Build Order
Export as new Build Order

ShaDoWn Protoss 

Build Orders: 1 Gate Expand, Oracle Opening 

Get SALT Encoding   

  12  0:00  Probe  
  13  0:13  Probe  
  14  0:17  Pylon  
  14  0:24  Probe  
  14  0:27  Assimilator  
  15  0:32  Probe  
  15  0:41  Probe, Gateway  
  17  0:52  Probe  
  18  1:04  Probe  
  19  1:16  Probe  
  20  1:22  Nexus  
  20  1:32  Cybernetics Core  
  20  1:34  Probe  
  20  1:39  Assimilator  
  21  1:46  Probe  
  22  1:49  Pylon  
  22  1:58  Probe, Adept  
  23  2:03  Pylon  
  25  2:08  Warp Gate  
  25  2:12  Probe  
  26  2:21  Stargate  
  26  2:25  Probe  
  27  2:36  Stalker  
  28  2:37  Probe  
  28  2:39  Probe  
  30  2:45  Probe  
  30  2:47  Probe  
  31  2:53  Probe  
  31  2:55  Probe  
  33  3:02  Oracle  
  33  3:04  Probe  
  33  3:07  Probe  
  35  3:18  Probe  
  39  3:20  Probe  
  40  3:30  Probe, Oracle  
  40  3:32  Probe  
  45  3:42  Probe, Gateway  
  45  3:44  Probe  
  47  3:54  Probe  
  48  3:56  Probe  
  49  4:05  Twilight Council  
  49  4:06  Probe  
  49  4:08  Probe, Gateway  
  49  4:09  Assimilator  
  51  4:11  Assimilator  
  51  4:12  Pylon  
  51  4:16  Blink  
  51  4:18  Probe  
  51  4:20  Probe  
  53  4:24  Pylon  
  53  4:31  Probe  
  54  4:32  Nexus  
  54  4:37  Stalker  
  56  4:40  Probe  
  56  4:44  Probe  
  58  4:48  Stalker  
  60  5:01  Stalker  
  62  5:09  Stalker  
  62  5:11  Pylon  
  64  5:14  Probe  
  64  5:16  Probe  
  66  5:22  Stalker  
  66  5:24  Pylon  
  66  5:27  Templar Archives  
  68  5:34  Stalker x2  
  72  5:43  Shield Battery  
  72  5:55  Stalker  
  68  5:58  Stalker x2  
  68  6:00  Probe  
  65  6:12  Probe  
  66  6:19  Stalker  
  66  6:21  Stalker x2  
  70  6:28  Probe  
  70  6:32  Probe  
  59  6:40  Probe  
  59  6:44  Stalker x3  
  64  6:58  Charge, Gateway  
  64  7:01  Gateway  
  64  7:02  Robotics Facility  
  64  7:03  Nexus  
  62  7:12  Stalker x3  
  62  7:13  Probe  
  62  7:15  Probe  
  64  7:26  Probe, Psionic Storm  
  64  7:27  Probe  
  64  7:29  Gateway  
  66  7:35  Pylon  
  66  7:38  Probe  
  66  7:41  Probe  
  66  7:43  Stalker x3  
  74  7:51  Warp Prism  
  74  7:54  Probe  
  75  8:05  Gateway  
  77  8:07  Gateway  
  77  8:08  High Templar x2  
  77  8:11  Gateway  
  81  8:19  Shield Battery, Gateway  
  81  8:24  Zealot x2, High Templar  
  87  8:30  Probe  
  88  8:35  Zealot  
  88  8:37  Probe, Pylon  
  91  8:41  Zealot, High Templar  
  95  8:49  Zealot x2  
  95  8:50  Pylon  
  97  9:03  Stalker  
  97  9:04  Stalker, Zealot x3  
  97  9:09  Assimilator  
  107  9:10  Assimilator  
  107  9:11  Zealot x3  
  107  9:14  Zealot  
  115  9:25  Zealot x2, High Templar x2  
  115  9:27  Observer  
  112  9:41  Zealot x5  
  112  9:44  Observer  
  85  10:09  Archon  
  74  10:14  Zealot x6  
  56  10:32  Archon  
  56  10:33  Zealot x3  
Tags
 
Add a new tag
Caveats
  • Supply blocks, unpowered buildings, or Contaminate may cause inaccurate times.
  • Supply counts are checked every 10 seconds.